 Dungeon Crawl Stone Soup version 0.26-a0-27-g1f0226971c (webtiles) character file.

Game seed: 4648659669253158557, levelgen mode: deterministic

9835 Esekla the Covert (level 11, -20/70 HPs)
             Began as an Octopode Warper on May 27, 2020.
             Was an Initiate of Gozag.
             Demolished by a white ugly thing (35 damage)
             ... on level 11 of the Dungeon.
             The game lasted 01:35:26 (12675 turns).

Esekla the Covert (Octopode Warper)                Turns: 12675, Time: 01:35:33

Health: -20/70     AC:  1    Str:  8    XL:     11   Next: 52%
Magic:  24/28      EV: 19    Int: 25    God:    Gozag
Gold:   486        SH:  0    Dex: 12    Spells: 2/21 levels left

rFire    + . .     SeeInvis +   s - +5 scimitar
rCold    . . .     Gourm    .   (no shield)
rNeg     . . .     Faith    .   (helmet restricted)
rPois    .         Spirit   .   (no amulet)
rElec    .         Reflect  .   y - +6 ring of intelligence
rCorr    .         Harm     .   E - ring of protection from fire
MR       +....                  G - +4 ring of evasion
Stlth    +++++.....             L - ring of magical power
HPRegen  0.21/turn              M - ring of protection from magic
MPRegen  0.21/turn              (no ring)
                                (no ring)
                                (no ring)

@: no status effects
A: almost no armour, stealthy swim, amphibious, 8 rings, constrict 8, tentacle
spike 1, camouflage 1, see invisible, weak 1, gelatinous body 1
a: Potion Petition, Call Merchant, Bribe Branch, Renounce Religion


You were on level 11 of the Dungeon.
You worshipped Gozag.
Gozag was aware of your devotion.
You were very hungry.

You visited 3 branches of the dungeon, and saw 13 of its levels.
You also visited: Sewer.

You collected 1382 gold pieces.
You spent 825 gold pieces at shops.
You paid 71 gold pieces to Gozag.

Inventory:

Hand Weapons
 h - a +0 trident
 s - a +5 scimitar (weapon)
 v - a +3 short sword of venom
 z - a +4 dagger of freezing
 F - a +2 vorpal long sword
 R - a +0 trident of venom
Missiles
 d - 5 boomerangs of dispersal
 r - 11 javelins
 C - 37 poisoned darts (quivered)
Armour
 T - a +0 buckler
Jewellery
 y - a +6 ring of intelligence (left tentacle)
 B - an uncursed ring of teleportation
 E - a ring of protection from fire (right tentacle)
 G - a +4 ring of evasion (on tentacle)
 L - a ring of magical power (on tentacle)
 M - a ring of protection from magic (on tentacle)
Wands
 a - a wand of polymorph (12)
 A - a wand of iceblast (16)
 D - a wand of disintegration (16)
 K - a wand of clouds (6)
Scrolls
 b - 3 scrolls of amnesia
 c - a scroll of blinking
 i - 3 scrolls of fear
 j - 5 scrolls of identify
 l - 3 scrolls of teleportation
 o - 5 scrolls of enchant weapon
 q - 3 scrolls of fog
 H - 2 scrolls of magic mapping
 J - 2 scrolls of immolation
 O - 2 scrolls of remove curse
 S - a scroll of noise {unknown}
 U - a scroll of enchant armour {unknown}
Potions
 e - 3 potions of stabbing
 g - 5 potions of curing
 k - 2 potions of might
 m - a potion of ambrosia
 n - 3 potions of flight
 p - a potion of brilliance {unknown}
 u - a potion of mutation
 w - a potion of haste
 x - 3 potions of berserk rage
 I - a potion of invisibility {unknown}
 P - a potion of cancellation {unknown}
 Q - a potion of magic {unknown}
Comestibles
 f - 12 rations


   Skills:
 + Level 4.7 Fighting
 + Level 6.1(7.5) Short Blades
 + Level 6.8(7.9) Long Blades
 - Level 1.0 Throwing
 + Level 5.4 Dodging
 - Level 8.3 Stealth
 * Level 1.2 Shields
 * Level 5.7 Spellcasting
 + Level 3.6 Conjurations
 + Level 4.1 Charms
 + Level 5.2 Translocations
 + Level 3.9 Fire Magic
 * Level 4.0 Ice Magic
 + Level 3.2 Air Magic
 + Level 5.1 Poison Magic


You had 2 spell levels left.
You knew the following spells:

 Your Spells              Type           Power        Failure   Level  Hunger
a - Apportation           Tloc           ####..       1%          1    None
b - Blink                 Tloc           N/A          1%          2    None
c - Mephitic Cloud        Conj/Pois/Air  ####....     4%          3    #......
e - Searing Ray           Conj           ####..       2%          2    None
f - Conjure Flame         Conj/Fire      ####....     4%          3    #......
g - Shroud of Golubria    Chrm/Tloc      ####..       1%          2    None
r - Frozen Ramparts       Ice            ####..       4%          3    #......
z - Ozocubu's Armour      Chrm/Ice       ####....     4%          3    #......

Your spell library contained the following spells:

 Spells                   Type           Power        Failure   Level  Hunger
 Freeze                   Ice            ####         1%          1    None
 Magic Dart               Conj           ####         1%          1    None
 Ensorcelled Hibernation  Hex/Ice        ###...       4%          2    None
 Animate Skeleton         Necr           N/A          8%          1    None
 Beastly Appendage        Tmut           #.....       8%          1    None
 Corona                   Hex            #......      8%          1    None
 Summon Small Mammal      Summ           #...         8%          1    None
 Call Imp                 Summ           #.......     12%         2    None
 Slow                     Hex            #.......     12%         2    None
 Sticks to Snakes         Tmut           #.......     12%         2    None
 Gell's Gravitas          Tloc           ####......   2%          3    #......
 Lesser Beckoning         Tloc           ####......   2%          3    #......
 Teleport Other           Tloc           ####....     2%          3    #......
 Ignite Poison            Fire/Tmut/Pois ###.....     7%          3    #......
 Spider Form              Tmut/Pois      ###.......   8%          3    #......
 Passage of Golubria      Tloc           N/A          9%          4    ###....
 Dazzling Flash           Conj/Hex       ###...       11%         3    #......
 Iskenderun's Mystic Bla  Conj/Tloc      ####....     12%         4    ###....
 Hailstorm                Conj/Ice       ####....     16%         4    ###....
 Confusing Touch          Hex            #.......     22%         3    #......
 Tukima's Dance           Hex            #.......     22%         3    #......
 Ice Form                 Ice/Tmut       ###.....     32%         4    ###....
 Summon Ice Beast         Ice/Summ       ###.....     32%         4    ###....
 Fulminant Prism          Conj/Hex       ###.......   34%         4    ###....
 Fireball                 Conj/Fire      ####......   41%         5    #####..
 Blade Hands              Tmut           #.........   91%         5    #####..
 Starburst                Conj/Fire      ####......   94%         6    ######.
 Ring of Flames           Chrm/Fire      ####......   100%        7    #######
 Ignition                 Fire           ####......   100%        8    #######


Dungeon Overview and Level Annotations

Branches:
Dungeon (11/15)            Temple (1/1) D:6            Lair (1/6) D:10
  Sewer (visited)
    Orc: D:9-12

Altars:
Ashenzari
Cheibriados
Dithmenos
Gozag
Hepliaklqana
Kikubaaqudgha
Makhleb
Nemelex Xobeh
Okawaru
Qazlal
Ru
Sif Muna
Trog
Uskayaw
Vehumet
Xom
Yredelemnul
Zin

Shops:
D:7 :   D:10 (   D:11 }


Innate Abilities, Weirdness & Mutations

You cannot wear most types of armour.
You are very stealthy in the water. (Stealth+)
You are amphibious.
You can wear up to eight rings at the same time.
You can use your tentacles to constrict eight enemies at once.
Your skin changes colour to match your surroundings (Stealth+).
Your rubbery body absorbs attacks. (AC +1, EV +1)
One of your tentacles bears a spike.
You have supernaturally acute eyesight. (SInv)
You are weak. (Str -2)


Message History

The white ugly thing is heavily wounded.
The white ugly thing claws you. The white ugly thing freezes you!!
* * * LOW HITPOINT WARNING * * *
The orc hits you but does no damage.
You feel much better.
The white ugly thing claws you but does no damage.
The orc hits you but does no damage.
You barely miss the white ugly thing.
The white ugly thing is heavily wounded.
The white ugly thing claws you. The white ugly thing freezes you!!
* * * LOW HITPOINT WARNING * * *
The orc hits you but does no damage.
You feel much better.
You feel less wooden. The white ugly thing claws you!
* * * LOW HITPOINT WARNING * * *
The white ugly thing freezes you!!
Ouch! That really hurt!
You die...
Your body crumbles into a pile of gold.

..# #.........#
#..#####..##.... o.#
#.........###........
... ..#
#...........)<.......
..#
#..............#####.
..# #........[.....#
..# #..............#
..# #...........(..#
..# #>.............#
..# #..........@...#
..# #.........ou...#
..# ...........#
........(..#
...........#
...........#
..).........
...........(.
##############


You could see a white ugly thing (very poisoned) and an orc.

Vanquished Creatures
  Sonja (D:11)
  An ugly thing (D:11)
  A centaur zombie (D:11)
  2 spiny frogs (Lair:1)
  Maggie (D:6)
  A hornet (D:11)
  5 blink frogs (Lair:1)
  3 hippogriffs
  3 yaks (D:9)
  A human (D:9)
  A steam dragon (D:8)
  A hungry ghost (D:10)
  Menkaure (D:6)
  A soldier ant (D:11)
  A water moccasin (Lair:1)
  A porcupine (Lair:1)
  An orc warrior (D:7)
  A sky beast (D:11)
  A black bear (D:10)
  2 eyes of draining (D:11)
  An ice beast (D:9)
  3 necrophages
  2 phantoms
  4 centaurs
  4 ogres
  2 crocodiles (Lair:1)
  A big kobold (Sewer)
  6 bullfrogs
  4 scorpions
  7 killer bees
  4 wights (D:9)
  2 crimson imps
  3 howler monkeys
  2 bullfrog zombies (D:6)
  A quasit (D:8)
  5 jellies
  3 centaur skeletons
  2 orc priests
  A bullfrog skeleton (D:6)
  3 hounds
  8 orc wizards
  4 iguanas
  Natasha (thrice) (D:3)
  8 worker ants
  2 hound zombies
  Robin (D:2)
  7 gnolls
  9 adders
  A river rat (Sewer)
  2 shadow imps (D:11)
  An ooze (D:1)
  3 adder skeletons
  2 dart slugs
  6 leopard geckos
  29 orcs
  5 bats
  9 giant cockroaches
  15 goblins
  9 hobgoblins
  8 jackals
  4 quokkas
  A ball python (D:5)
  3 frilled lizards
  A jackal skeleton (D:8)
  14 kobolds
  A leopard gecko skeleton (D:4)
  A quokka skeleton (D:8)
  10 rats
257 creatures vanquished.

Vanquished Creatures (collateral kills)
  A killer bee (D:8)
1 creature vanquished.

Vanquished Creatures (others)
  A fungus (Lair:1)
1 creature vanquished.

Grand Total: 259 creatures vanquished

Notes
Turn   | Place    | Note
-------+----------+-------------------------------------------
     0 | D:1      | Esekla the Octopode Warper began the quest for the Orb.
     0 | D:1      | Reached XP level 1. HP: 14/14 MP: 3/3
   219 | D:1      | Reached XP level 2. HP: 12/19 MP: 5/5
   419 | D:1      | Learned a level 2 spell: Shroud of Golubria
   422 | D:1      | Learned a level 2 spell: Blink
   605 | D:1      | Reached XP level 3. HP: 24/24 MP: 6/6
   866 | D:2      | Noticed Robin
  1080 | D:2      | Reached skill level 1 in Stealth
  1143 | D:2      | Reached XP level 4. HP: 29/29 MP: 4/7
  1478 | D:2      | Killed Robin
  1876 | D:2      | Found a sacrificial altar of Ru.
  2295 | D:3      | Noticed Natasha
  2301 | D:3      | Killed Natasha
  2301 | D:3      | Reached skill level 1 in Charms
  2301 | D:3      | Reached XP level 5. HP: 27/35 MP: 5/8
  2361 | D:3      | Noticed Natasha
  2614 | D:3      | Killed Natasha
  2710 | D:3      | Noticed Natasha
  2753 | D:3      | Killed Natasha
  2999 | D:4      | Reached skill level 1 in Short Blades
  2999 | D:4      | Reached skill level 2 in Stealth
  2999 | D:4      | Reached XP level 6. HP: 29/41 MP: 9/9
  3209 | D:4      | Found a glowing drain.
  3242 | Sewer    | Entered a sewer
  3461 | Sewer    | Reached XP level 7. HP: 37/45 MP: 8/10
  3485 | Sewer    | Found a white marble altar of Elyvilon.
  3494 | Sewer    | Became a worshipper of Elyvilon the Healer
  3566 | D:4      | Reached skill level 3 in Stealth
  3728 | D:4      | Found a sparkling altar of Nemelex Xobeh.
  4089 | D:5      | Entered Level 5 of the Dungeon
  4147 | D:5      | Reached * piety under Elyvilon
  4598 | D:5      | Reached skill level 4 in Stealth
  4621 | D:5      | Reached XP level 8. HP: 18/51 MP: 12/12
  5180 | D:5      | Reached ** piety under Elyvilon
  5299 | D:5      | Reached skill level 5 in Stealth
  5815 | D:6      | Noticed Maggie
  5847 | D:6      | Killed Maggie
  5847 | D:6      | Reached skill level 5 in Long Blades
  5847 | D:6      | Reached skill level 6 in Stealth
  6207 | D:5      | Reached XP level 9. HP: 20/57 MP: 13/13
  6649 | D:6      | Noticed Menkaure
  6665 | D:7      | Found an iron altar of Okawaru.
  6681 | D:6      | Killed Menkaure
  6681 | D:6      | Reached skill level 5 in Short Blades
  6970 | D:6      | Reached skill level 7 in Stealth
  7289 | D:6      | Found a staircase to the Ecumenical Temple.
  7326 | Temple   | Entered the Ecumenical Temple
  7360 | Temple   | Fell from the grace of Elyvilon
  7360 | Temple   | Became a worshipper of Gozag Ym Sagoz the Greedy
  7645 | D:7      | Found Deqeas's Book Shop.
  7956 | D:7      | Found a hazy altar of Hepliaklqana.
  8151 | D:7      | Learned a level 3 spell: Mephitic Cloud
  8155 | D:7      | Learned a level 3 spell: Conjure Flame
  8631 | D:8      | Reached skill level 1 in Conjurations
  8631 | D:8      | Reached skill level 1 in Fire Magic
  8631 | D:8      | Reached skill level 1 in Air Magic
  8631 | D:8      | Reached skill level 1 in Poison Magic
  8943 | D:8      | Got a twisted hunting sling
  8944 | D:8      | Identified the cursed +3 hunting sling of Death {vorpal,
                  | Str+4} (You found it on level 8 of the Dungeon)
  9192 | D:7      | Reached skill level 8 in Stealth
  9192 | D:7      | Reached XP level 10. HP: 49/63 MP: 4/14
  9540 | D:7      | Bought a book of Frost for 525 gold pieces
  9544 | D:7      | Learned a level 3 spell: Ozocubu's Armour
  9631 | D:9      | Gained mutation: You are weak. (Str -2) [potion of
                  | mutation]
  9631 | D:9      | Gained mutation: One of your tentacles bears a spike.
                  | [potion of mutation]
  9631 | D:9      | Gained mutation: You have supernaturally acute eyesight.
                  | (SInv) [potion of mutation]
  9718 | D:9      | Reached skill level 1 in Ice Magic
  9786 | D:9      | Found a shadowy altar of Dithmenos.
  9830 | D:9      | Reached skill level 5 in Dodging
 10117 | D:9      | Reached skill level 5 in Translocations
 10187 | D:9      | Learned a level 3 spell: Frozen Ramparts
 10523 | D:10     | Entered Level 10 of the Dungeon
 10751 | D:10     | Found a staircase to the Lair.
 10918 | D:10     | Found Dynwut's Antique Weapon Boutique.
 11110 | D:7      | Bought a book of Cantrips for 300 gold pieces
 11112 | D:7      | Learned a level 1 spell: Apportation
 11208 | Lair:1   | Entered Level 1 of the Lair of Beasts
 11255 | Lair:1   | Noticed a spiny frog
 11277 | Lair:1   | Killed a spiny frog
 11289 | Lair:1   | Reached XP level 11. HP: 39/70 MP: 17/18
 11379 | Lair:1   | Reached skill level 5 in Poison Magic
 11457 | Lair:1   | Learned a level 2 spell: Searing Ray
 11538 | Lair:1   | Reached skill level 5 in Spellcasting
 12481 | D:11     | Noticed a green ugly thing
 12499 | D:11     | Killed a green ugly thing
 12567 | D:11     | Found Listoi's Gadget Boutique.
 12650 | D:11     | Noticed Sonja
 12659 | D:11     | Noticed a white ugly thing
 12660 | D:11     | Killed Sonja
 12660 | D:11     | Reached skill level 1 in Shields
 12675 | D:11     | Demolished by a white ugly thing

Illustrated notes

Levels and vault maps discovered:
D:1:      lightli_iron_boxes, layout_rooms, serial_glass, glass_columns_a,
          glass_columns_c, minmay_strange_pillars
D:2:      layout_rooms, hangedman_decor_clover_reticule, serial_bayou_pond_a,
          chequers_serial_rivers_micro_a, nicolae_ru_the_path_less_chosen,
          uniq_robin
D:3:      layout_rooms, uniq_natasha
D:4:      layout_loops_ring, gup_sewer_entry_bowl, nemelex_diamond_rough_becter
D:5:      layout_basic, first_ration
D:6:      layout_loops_cross, minmay_temple_entry_butterflies, uniq_menkaure,
          uniq_maggie
D:7:      layout_basic, kennysheep_little_box, serial_shops, nicolae_shop_stone,
          okawaru_gym_becter
D:8:      layout_gridville
D:9:      layout_long_grid, grunt_pizzeria, grunt_dithmenos_smoke
D:10:     layout_big_octagon, lair_entry_dummy, serial_shops, shop
D:11:     layout_long_grid, hiddenorc2_lemuel, serial_shops, shop,
          nrook_guardian_serpent_ordinary, uniq_sonja
Temple:   kilobyte_greek_temple
Lair:1:   layout_cellular_growth, grunt_megastairs_2

Skill      XL: |  1  2  3  4  5  6  7  8  9 10 11 |
---------------+----------------------------------+-----
Long Blades    | 3 4 5 6 |  6.8
Stealth        | 1 2 4 6 8 |  8.3
Charms         | 1 2 3 4 |  4.1
Dodging        | 3 4 5 |  5.4
Short Blades   | 1 2 4 5 6 |  6.1
Translocations | 4 5 |  5.2
Fighting       | 3 4 |  4.7
Spellcasting   | 3 4 5 |  5.7
Conjurations   | 1 2 3 |  3.6
Fire Magic     | 1 2 3 |  3.9
Air Magic      | 1 2 3 |  3.2
Poison Magic   | 2 4 5 |  5.1
Ice Magic      | 3 4 |  4.0
Shields        | 1 |  1.2
Throwing       | |  1.0

Action                   |  1- 3 |  4- 6 |  7- 9 | 10-12 || total
-------------------------+-------+-------+-------+-------++-------
Melee: Falchion          |    65 |    19 |       |       ||    84
       Constrict         |    21 |    34 |    45 |    29 ||   129
       Tentacles         |    12 |    15 |    43 |    30 ||   100
       Short sword       |       |   108 |   135 |    83 ||   326
       Dagger            |       |     3 |    75 |    17 ||    95
       Long sword        |       |       |    34 |    35 ||    69
       Kick              |       |       |       |    43 ||    43
       Scimitar          |       |       |       |    54 ||    54
Throw: Javelin           |       |     2 |     6 |    15 ||    23
       Dart              |       |       |    22 |    33 ||    55
 Cast: Shroud of Golubri |     5 |    16 |    18 |    10 ||    49
       Blink             |       |       |     4 |     3 ||     7
       Mephitic Cloud    |       |       |     1 |     6 ||     7
       Frozen Ramparts   |       |       |       |    19 ||    19
       Ozocubu's Armour  |       |       |       |     9 ||     9
       Searing Ray       |       |       |       |     5 ||     5
Evoke: Wand              |       |       |       |     2 ||     2
  Use: Scroll            |       |     9 |     7 |     2 ||    18
       Potion            |       |       |     5 |     8 ||    13
 Stab: Sleeping          |     3 |     9 |    21 |    10 ||    43
       Distracted        |       |       |     2 |     1 ||     3
       Confused          |       |       |     1 |     2 ||     3
  Eat: Chunk             |     1 |     8 |    13 |       ||    22
       Ration            |       |       |     2 |     3 ||     5
Armor: Skin              |    16 |     3 |     5 |    33 ||    57
Dodge: Dodged            |    58 |    73 |   135 |   165 ||   431
       Rpst.: Falchion   |    21 |     3 |       |       ||    24
       Long sword        |       |       |     3 |     5 ||     8
       Scimitar          |       |       |       |    12 ||    12

Table legend:
 A = Non-vault XP
 B = Vault XP
 C = Vault XP percentage of total XP
 D = Non-vault monster count
 E = Vault monster count
 F = Vault count percentage of total count
                 A         B        C        D         E       F
            +---------+---------+-------+---------+---------+-------
      Total |   12172 |    1878 |  13.4 |     226 |      32 |  12.4
            +---------+---------+-------+---------+---------+-------
        D:1 |      36 |       6 |  14.3 |      17 |       3 |  15.0
        D:2 |      56 |      31 |  35.6 |      18 |       9 |  33.3
        D:3 |     133 |      35 |  20.8 |      18 |       1 |   5.3
        D:4 |     556 |       7 |   1.2 |      25 |       3 |  10.7
        D:5 |     742 |       0 |   0.0 |      20 |       0 |   0.0
        D:6 |     854 |     581 |  40.5 |      28 |       2 |   6.7
        D:7 |     541 |       0 |   0.0 |      12 |       0 |   0.0
        D:8 |    1123 |       0 |   0.0 |      17 |       0 |   0.0
        D:9 |    1445 |     189 |  11.6 |      16 |       1 |   5.9
       D:10 |    1337 |       0 |   0.0 |      14 |       0 |   0.0
       D:11 |    2391 |     802 |  25.1 |      28 |       1 |   3.4
     Lair:1 |    2958 |     105 |   3.4 |      13 |       1 |   7.1
      Sewer |       0 |     122 | 100.0 |       0 |      11 | 100.0
            +---------+---------+-------+---------+---------+-------
